 Dungeon Crawl Stone Soup version 0.28-a0-622-gbaef9634d7 (webtiles) character file.

Game seed: 8721622053228215781

254 tilp the Conjurer (level 5, -8/22 HPs)
             Began as a Felid Hedge Wizard on Oct 7, 2021.
             Mangled by a hornet (16 damage)
             ... on level 4 of the Dungeon.
             The game lasted 00:14:47 (6974 turns).

tilp the Conjurer (Felid Hedge Wizard)              Turns: 6974, Time: 00:14:48

Health: -8/22      AC:  1    Str:  6    XL:     5   Next: 91%
Magic:  0/10       EV: 18    Int: 19    God:
Gold:   34         SH:  0    Dex: 16    Spells: 3/10 levels left
                                        Lives:  0   Deaths: 1

rFire   + . .      SeeInvis +     - Unarmed
rCold   . . .      Faith    .   (shield unavailable)
rNeg    . . .      Spirit   .   (armour unavailable)
rPois   +          Reflect  .   (helmet unavailable)
rElec   .          Harm     .   (cloak unavailable)
rCorr   .          Rampage  .   (gloves unavailable)
Will    +....                   (boots unavailable)
Stlth   +++.......              (no amulet)
HPRegen 0.07/turn               c - ring "Woaramust" {rPois rF+ Int+3}
MPRegen 0.12/turn               i - ring of willpower

@: about to teleport, quick
A: very small, claws 1, fangs 3, see invisible, speed 1, shaggy fur 1, stealthy
paws, no weapons or thrown items, no armour, multi-lived
a: no special abilities


You were on level 4 of the Dungeon.
You visited 1 branch of the dungeon, and saw 5 of its levels.

You collected 207 gold pieces.
You spent 173 gold pieces at shops.

Inventory:

Jewellery
 b - a ring of ice
 c - the ring "Woaramust" (left paw) {rPois rF+ Int+3}
   (You acquired it on level 2 of the Dungeon)

   [ring of protection from fire]

   Int:       It affects your intelligence (+3).
   rF:        It protects you from fire.
   rPois:     It protects you from poison.
 g - a ring of resist corrosion
 i - a ring of willpower (right paw)
 k - a ring of fire
Scrolls
 d - a scroll of magic mapping
 e - 2 scrolls of immolation
 f - 3 scrolls of teleportation
 l - a scroll of noise {unknown}
Potions
 a - a potion of magic
 h - 4 potions of curing {unknown}
 j - a potion of resistance {unknown}


   Skills:
 + Level 1.9 Fighting
 - Level 4.0 Dodging
 - Level 4.0 Stealth
 + Level 3.0 Unarmed Combat
 - Level 3.0 Spellcasting
 - Level 4.0 Conjurations
 - Level 1.0 Summonings
 - Level 1.5 Translocations


You had 3 spell levels left.
You knew the following spells:

 Your Spells              Type           Power      Damage    Failure   Level
a - Magic Dart            Conj           72%        1d6       3%          1
b - Call Imp              Summ           6%         N/A       16%         2
c - Blink                 Tloc           N/A        N/A       12%         2
d - Slow                  Hex            2%         N/A       22%         2

Your spell library contained the following spells:

 Spells                   Type           Power      Damage    Failure   Level
 Conjure Flame            Conj/Fire      10%        6-21      21%         3
 Mephitic Cloud           Conj/Pois/Air  7%         N/A       26%         3
 Frozen Ramparts          Ice            4%         1d2       41%         3
 Summon Ice Beast         Ice/Summ       4%         N/A       77%         4
 Ice Form                 Ice/Tmut       2%         N/A       83%         4


Dungeon Overview and Level Annotations

Branches:
Dungeon (5/15)
 Temple: D:4-7

Altars:
Wu Jian

Shops:
D:2 **[   D:3 [   D:4 :


Innate Abilities, Weirdness & Mutations

You have sharp claws.
You have razor-sharp teeth.
You have supernaturally acute eyesight. (SInv)
You cover ground quickly. (Speed+)
You are covered in fur. (AC +1)
Your paws help you pounce on unaware monsters.
You are incapable of wielding weapons or throwing items.
You cannot wear armour.
You gain extra lives every three experience levels.


Message History

Casting: Magic Dart (safe; 3% risk of failure)
Confirm with . or Enter, or press ? or * to list all spells.
Aiming: Slow (safe; 22% risk of failure)
Press: ? - help, Shift-Dir - straight line, f/p - hornet
Aim: a hornet (chance to affect: 27%)
The hornet easily resists.
Unknown command.
Casting: Slow (safe; 22% risk of failure)
Confirm with . or Enter, or press ? or * to list all spells.
Aiming: Slow (safe; 22% risk of failure)
Press: ? - help, Shift-Dir - straight line, f/p - hornet
Aim: a hornet (chance to affect: 27%)
The hornet easily resists.
Unknown command.
Casting: Slow (safe; 22% risk of failure)
Confirm with . or Enter, or press ? or * to list all spells.
Aiming: Slow (safe; 22% risk of failure)
Press: ? - help, Shift-Dir - straight line, f/p - hornet
Aim: a hornet (chance to affect: 27%)
The hornet easily resists.
The hornet closely misses you.
Unknown command.
Casting: Slow (safe; 22% risk of failure)
Confirm with . or Enter, or press ? or * to list all spells.
You blink.
The hornet barely misses you.
Casting: Blink (safe; 12% risk of failure)
Confirm with . or Enter, or press ? or * to list all spells.
You don't have enough magic to cast this spell.
The hornet stings you!
Ouch! That really hurt!
* * * LOW HITPOINT WARNING * * *
You feel yourself slow down.
Casting: Blink (safe; 12% risk of failure)
Confirm with . or Enter, or press ? or * to list all spells.
You blink.
Found a brown potion.
You feel yourself speed up.
As you read the scroll of teleportation, it crumbles to dust.
You feel strangely unstable. The hornet stings you!
Ouch! That really hurt!
You die...

.##..##...##.....#
.##..##...##.....#
+........#......#
#...##...##.....##
#...##...##......#
######...........#
#$.......y..#
#...##+####y#
#####.....@.#
#.......#
#....!..#
#.......#
#########


You could see a hornet.

Vanquished Creatures
  A hound (D:2)
  A jelly (D:4)
  Jessica (D:3)
  An iguana (D:4)
  6 adders
  9 gnolls
  4 worms
  4 dart slugs
  3 orcs
  5 bats
  6 endoplasms
  3 giant cockroaches
  5 goblins
  7 hobgoblins
  3 jackals (D:3)
  4 quokkas
  10 ball pythons
  4 frilled lizards
  9 kobolds
  6 rats
92 creatures vanquished.

Vanquished Creatures (collateral kills)
  2 gnolls (D:4)
  A worm (D:2)
3 creatures vanquished.

Grand Total: 95 creatures vanquished

Notes
Turn   | Place    | Note
-------+----------+-------------------------------------------
     0 | D:1      | tilp the Felid Hedge Wizard began the quest for the Orb.
     0 | D:1      | Reached XP level 1. HP: 7/7 MP: 5/5
     4 | D:1      | Reached skill level 1 in Conjurations
   146 | D:1      | Found a faded altar of an unknown god.
   321 | D:1      | Reached XP level 2. HP: 11/11 MP: 2/7
  1075 | D:2      | Found Ogivy's Assorted Antiques.
  1092 | D:2      | Found Noviemm's Assorted Antiques.
  1216 | D:2      | Found Puph's Armour Shoppe.
  1709 | D:1      | Reached XP level 3. HP: 11/14 MP: 2/8
  2046 | D:1      | Learned a level 2 spell: Call Imp
  2049 | D:1      | Learned a level 2 spell: Blink
  2052 | D:1      | Learned a level 2 spell: Slow
  3422 | D:2      | Reached XP level 4. HP: 18/18 MP: 5/9
  3681 | D:2      | Reached skill level 1 in Unarmed Combat
  3888 | D:2      | Reached XP level 5. HP: 21/21 MP: 1/10
  4366 | D:2      | Bought a scroll labelled KUOGUP MYAN for 26 gold pieces
  4366 | D:2      | Bought a scroll labelled VADOEPH MITOG for 26 gold pieces
  4402 | D:2      | Bought a scroll labelled FYOVIFF GEMU for 26 gold pieces
  4402 | D:2      | Bought a scroll labelled FUZXIE XENAERUI for 26 gold pieces
  4419 | D:3      | Found Yblistrusipt's Armour Shop.
  4437 | D:3      | Noticed Jessica
  4550 | D:3      | Killed Jessica
  4645 | D:2      | Bought a scroll labelled ZYLAEB DYNE for 26 gold pieces
  4645 | D:2      | Acquired the ring "Woaramust" {rPois rF+ Int+3}
  4950 | D:3      | Reached skill level 1 in Fighting
  5379 | D:3      | You fall into a shaft and drop 2 floors!
  5379 | D:5      | Entered Level 5 of the Dungeon
  5464 | D:5      | Killed from afar by an orc priest
  5465 | D:5      | Reached XP level 4. HP: -5/19 MP: 9/9
  5700 | D:4      | Reached XP level 5. HP: 22/22 MP: 3/10
  5873 | D:4      | Found an ornate altar of the Wu Jian Council.
  6653 | D:2      | Bought a viscous sapphire potion for 23 gold pieces
  6669 | D:2      | Bought a viscous sapphire potion for 20 gold pieces
  6778 | D:4      | Found Dimah's Book Shop.
  6959 | D:4      | Noticed a hornet
  6974 | D:4      | Mangled by a hornet

Illustrated notes

Levels and vault maps discovered:
D:1:      onia_arrival_handbag, layout_basic, basic_ecumenical_altar,
          serial_bayou_lagoon_b
D:2:      kennysheep_six_static_rooms, layout_rooms, serial_shops,
          nicolae_shop_crystal, nicolae_shop_stone, shop, minmay_statues_item
D:3:      layout_basic, serial_shops, nicolae_shop_statue_plus,
          amcnicky_mini_rare_corridor_liquid, glass_columns_a, dk_vineyard_2,
          hangedman_decor_push, uniq_jessica
D:4:      layout_gridville, lemuel_tele_altar, serial_shops,
          nicolae_diamond_shop, hangedman_minor_gate_pass, uniq_ijyb,
          uniq_menkaure
D:5:      layout_loops_cross, vehumet_crystals, serial_co_window_serial,
          co_window_corner_a, co_window_of_opportunity_a, co_window_paths_b,
          co_window_paths_a, co_window_of_opportunity_a,
          co_window_unsneaky_path_e, co_window_of_opportunity_c,
          co_window_corner_ca, co_window_2corner, co_window_broadway_a,
          glass_columns_b, glass_columns_c, glass_columns_a, uniq_pikel

Skill      XL: |  1  2  3  4  5 |
---------------+----------------+-----
Conjurations   | 1 2 3 4 |  4.0
Unarmed Combat | 1 3 |  3.0
Dodging        | 4 |  4.0
Stealth        | 4 |  4.0
Fighting       | 1 |  1.9
Spellcasting   | |  3.0
Summonings     | |  1.0
Translocations | |  1.5

Action                   |  1- 3 |  4- 6 || total
-------------------------+-------+-------++-------
Melee: Unarmed           |     4 |     1 ||     5
       Bite              |     1 |       ||     1
 Cast: Magic Dart        |   107 |   209 ||   316
       Call Imp          |       |     9 ||     9
       Slow              |       |     3 ||     3
       Blink             |       |     2 ||     2
  Use: Scroll            |     1 |    12 ||    13
 Stab: Sleeping          |       |     1 ||     1
Armor: Skin              |     1 |     1 ||     2
Dodge: Dodged            |    30 |    27 ||    57

Table legend: (Time is in decaauts)
 A = Elapsed time spent in this place.
 B = Non-inter-level travel time spent in this place.
 C = Inter-level travel time spent in this place.
 D = Time resting spent in this place.
 E = Time spent auto-exploring this place.
 F = Levels seen in this place.
 G = Mean time per level.
                   A        B        C        D        E       F      G
               +--------+--------+--------+--------+--------+-----+--------+
         Total |   6459 |   6010 |    449 |   2255 |   2651 |   5 | 1291.8 |
       Dungeon |   6459 |   6010 |    449 |   2255 |   2651 |   5 | 1291.8 |
               +--------+--------+--------+--------+--------+-----+--------+

Top non-repeatable levels by time:
     D:1: 2949 daAuts
     D:2: 1210 daAuts
     D:3: 1113 daAuts
     D:4: 1062 daAuts
     D:5: 123 daAuts
